 Dungeon Crawl Stone Soup version 0.25-a0-163-g00f8f0cddd (webtiles) character file.

Game seed: 10313595775706233384, levelgen mode: deterministic

217 Gargoyl the Skirmisher (level 5, -1/45 HPs)
             Began as a Centaur Abyssal Knight on Nov 22, 2019.
             Was a Believer of Lugonu.
             Blown up by Ijyb (12 damage)
             ... with a disintegration bolt
             ... on level 4 of the Dungeon.
             The game lasted 00:04:18 (3659 turns).

Gargoyl the Skirmisher (Centaur Abyssal Knight)     Turns: 3659, Time: 00:04:19

Health: -1/45      AC:  7    Str: 14    XL:     5   Next: 62%
Magic:  7/7        EV:  8    Int: 16    God:    Lugonu [**....]
Gold:   228        SH:  0    Dex: 10    Spells: 4/4 levels left

rFire    . . .     SeeInvis .   a - +2 hand axe
rCold    . . .     Gourm    .   (no shield)
rNeg     . . .     Faith    .   e - +0 ring mail
rPois    .         Spirit   .   (no helmet)
rElec    .         Reflect  .   d - +0 cloak
rCorr    .         Harm     .   (no gloves)
MR       .....                  (no barding)
Stlth    ..........             o - amulet of magic regeneration
HPRegen  0.15/turn              (no ring)
MPRegen  0.35/turn              (no ring)

@: brilliant, very quick
A: large, hooves 3, deformed body, speed 2, tough skin 3
a: Depart the Abyss, Bend Space, Renounce Religion


You were on level 4 of the Dungeon.
You worshipped Lugonu.
Lugonu was pleased with you.
You were hungry.

You visited 1 branch of the dungeon, and saw 4 of its levels.
You visited the Abyss 1 time.

You collected 228 gold pieces.

Inventory:

Hand Weapons
 a - a +2 hand axe (weapon)
Armour
 d - a +0 cloak (worn)
 e - a +0 ring mail (worn)
Jewellery
 o - an amulet of magic regeneration (around neck)
Wands
 n - a wand of iceblast (1)
Scrolls
 b - 2 scrolls of fog {unknown}
 f - a scroll of immolation {unknown}
 i - a scroll of remove curse {unknown}
 j - 4 scrolls of identify
Potions
 g - a potion of haste {unknown}
 h - a potion of berserk rage {unknown}
 k - 2 potions of brilliance
 l - a potion of magic {unknown}
 m - 2 potions of curing {unknown}
Comestibles
 c - 10 rations


   Skills:
 + Level 3.6 Fighting
 + Level 3.2 Axes
 * Level 2.6 Armour
 * Level 1.6 Dodging
 * Level 3.0 Invocations


You had 4 spell levels left.
You didn't know any spells.
Your spell library was empty.

Dungeon Overview and Level Annotations

Branches:
Dungeon (4/15)
 Temple: D:4-7

Altars:
Wu Jian

Annotations:
D:4 Ijyb


Innate Abilities, Weirdness & Mutations

You have hooves in place of feet.
Armour fits poorly on your strangely shaped body.
You cover ground very quickly.
You have extremely tough skin. (AC +3)


Message History

Press: ? - help, Shift-Dir - straight line, f - Ijyb
Aim: Ijyb, wearing a +0 ring mail and carrying a wand of disintegration (12)
The mass of ice explodes!
The iceblast engulfs Ijyb.
Ijyb is moderately wounded.
You hear a shout! x2
An orc comes into view. It is wielding a -1 dagger.
The leopard gecko bites you but does no damage.
You hit Ijyb but do no damage. Your kick misses Ijyb.
Ijyb is moderately wounded.
Your ring mail prevents you from hitting the leopard gecko.
The leopard gecko barely misses you.
Ijyb zaps a wand.
You are blasted!
Ouch! That really hurt!
* * * LOW HITPOINT WARNING * * *
Unknown command.
It was a potion of brilliance.
You feel clever all of a sudden. The leopard gecko bites you.
* * * LOW HITPOINT WARNING * * *
Ijyb zaps a wand.
You are blasted!
You die...

..............
.............
#............
#o....$......
#............
#............
#.....l......
#...g@.......
#.....########
#..... +.....
#..... #.....
#......
#......


You could see Ijyb, an orc and a leopard gecko.

Vanquished Creatures
  A centaur zombie (D:3)
  Natasha (thrice) (D:3)
  3 gnolls (D:3)
  2 adders
  A worm (D:2)
  2 dart slugs
  3 leopard geckos
  An orc (D:3)
  A ball python (D:1)
  10 bats
  2 giant cockroaches (D:3)
  5 goblins
  6 hobgoblins
  2 quokkas (D:2)
  3 frilled lizards
  6 kobolds
  9 rats
60 creatures vanquished.

Notes
Turn   | Place    | Note
-------+----------+-------------------------------------------
     0 | Abyss:1  | Gargoyl the Centaur Abyssal Knight began the quest for the
                  | Orb.
     0 | Abyss:1  | Reached XP level 1. HP: 19/19 MP: 2/2
    62 | Abyss:1  | Noticed a starcursed mass
    63 | Abyss:1  | Noticed a bone dragon
    69 | Abyss:1  | Noticed a spatial vortex
    69 | Abyss:1  | Noticed a spatial vortex
    69 | Abyss:1  | Noticed an orange demon
    79 | Abyss:1  | Noticed a small abomination
    93 | Abyss:1  | Noticed a ynoxinul
   103 | Abyss:1  | Found an iron altar of Okawaru.
   129 | Abyss:1  | Noticed a thrashing horror
   140 | Abyss:1  | Noticed an ice devil
   144 | Abyss:1  | Found an iron altar of Okawaru.
   209 | Abyss:1  | Noticed a thrashing horror
   216 | Abyss:1  | Noticed a tentacled starspawn
   217 | D:1      | Escaped the Abyss
   455 | D:1      | Reached * piety under Lugonu
   491 | D:1      | Reached XP level 2. HP: 24/26 MP: 3/3
   583 | D:1      | Reached skill level 1 in Dodging
   841 | D:1      | Reached XP level 3. HP: 26/31 MP: 4/4
  1014 | D:2      | Found an ornate altar of the Wu Jian Council.
  2097 | D:3      | Reached XP level 4. HP: 27/38 MP: 5/5
  2231 | D:3      | Noticed Natasha
  2241 | D:3      | Killed Natasha
  2265 | D:3      | Reached ** piety under Lugonu
  2320 | D:3      | Noticed Natasha
  2331 | D:3      | Killed Natasha
  2331 | D:3      | Reached XP level 5. HP: 44/45 MP: 7/7
  2592 | D:3      | Noticed Natasha
  2597 | D:3      | Killed Natasha
  3455 | D:4      | Noticed Ijyb
  3659 | D:4      | Blown up by Ijyb

Levels and vault maps discovered:
D:1:      onia_arrival_mini_spirals, layout_basic, minmay_pentomino_o2
D:2:      layout_basic, lemuel_round_altar
D:3:      layout_basic, first_ration, uniq_natasha
D:4:      layout_gridville, hangedman_ru_absence,
          nicolae_qazlal_eye_of_the_storm, minivault_26, uniq_ijyb, uniq_sigmund

Skill      XL: |  1  2  3  4  5 |
---------------+----------------+-----
Axes           | 2 3 |  3.2
Dodging        | 1 |  1.6
Armour         | 2 |  2.6
Invocations    | 3 |  3.0
Fighting       | |  3.6

Action                   |  1- 3 |  4- 6 || total
-------------------------+-------+-------++-------
Melee: Hand axe          |   113 |    48 ||   161
       Kick              |    16 |     9 ||    25
Invok: Depart the Abyss  |     1 |       ||     1
Evoke: Wand              |       |     5 ||     5
  Use: Scroll            |     3 |     1 ||     4
       Potion            |     1 |     1 ||     2
  Eat: Chunk             |     2 |     4 ||     6
Armor: Ring mail         |    69 |    24 ||    93
Dodge: Dodged            |    61 |    26 ||    87

Table legend:
 A = Non-vault XP
 B = Vault XP
 C = Vault XP percentage of total XP
 D = Non-vault monster count
 E = Vault monster count
 F = Vault count percentage of total count
                 A         B        C        D         E       F
            +---------+---------+-------+---------+---------+-------
      Total |     272 |      39 |  12.5 |      57 |       3 |   5.0
            +---------+---------+-------+---------+---------+-------
        D:1 |      37 |       4 |   9.8 |      24 |       2 |   7.7
        D:2 |      38 |       0 |   0.0 |      12 |       0 |   0.0
        D:3 |     197 |      35 |  15.1 |      21 |       1 |   4.5
            +---------+---------+-------+---------+---------+-------
